 Dungeon Crawl Stone Soup version 0.27-a0-1590-g15f69828bf (webtiles) character file.

Game seed: 10793900505411782615

2058 Aviak the Skirmisher (level 8, -3/73 HPs)
             Began as a Demigod Conjurer on July 18, 2021.
             Slain by an orc warrior (16 damage)
             ... on level 6 of the Dungeon.
             The game lasted 00:07:39 (6194 turns).

Aviak the Skirmisher (Demigod Conjurer)             Turns: 6194, Time: 00:07:40

Health: -3/73      AC:  6    Str:  8    XL:     8   Next: 76%
Magic:  12/16      EV: 11    Int: 28    God:
Gold:   209        SH:  0    Dex: 12    Spells: 4/14 levels left

rFire    . . .     SeeInvis .   m - +2 dagger (venom)
rCold    . . .     Faith    .   (no shield)
rNeg     . . .     Spirit   .   b - +0 leather armour
rPois    .         Reflect  .   k - +0 helmet
rElec    .         Harm     .   d - +0 cloak
rCorr    .         Rampage  .   (no gloves)
Will     .....                  n - +0 pair of boots
Stlth    ++........             (no amulet)
HPRegen  0.22/turn              (no ring)
MPRegen  0.15/turn              (no ring)

@: no status effects
A: high mp 1, forlorn
a: no special abilities


You were on level 6 of the Dungeon.
You visited 1 branch of the dungeon, and saw 6 of its levels.

You collected 209 gold pieces.

Inventory:

Hand Weapons
 f - a +0 dagger
 l - a +1 rapier of venom
 m - a +2 dagger of venom (weapon)
 s - a +0 short sword of flaming
Armour
 a - a +0 robe
 b - a +0 leather armour (worn)
 d - a +0 cloak (worn)
 k - a +0 helmet (worn)
 n - a +0 pair of boots (worn)
Jewellery
 F - a ring of protection from fire
Scrolls
 c - a scroll of fog {unknown}
 e - a scroll of amnesia {unknown}
 i - a scroll of enchant weapon {unknown}
 j - a scroll of magic mapping {unknown}
 q - 2 scrolls of silence {unknown}
 t - 3 scrolls of teleportation
Potions
 p - a potion of resistance {unknown}
 r - a potion of mutation {unknown}


   Skills:
 + Level 7.1 Fighting
 - Level 1.7 Dodging
 - Level 1.7 Stealth
 - Level 3.5 Spellcasting
 - Level 5.0 Conjurations
 + Level 6.2 Fire Magic


You had 4 spell levels left.
You knew the following spells:

 Your Spells              Type           Power      Damage    Failure   Level
a - Magic Dart            Conj           100%       1d8       1%          1
b - Searing Ray           Conj           66%        3d5       2%          2
c - Dazzling Flash        Conj/Hex       38%        N/A       12%         3
d - Sticky Flame          Conj/Fire      36%        2d6       11%         4

Your spell library contained the following spells:

 Spells                   Type           Power      Damage    Failure   Level
 Conjure Flame            Conj/Fire      36%        6-21      3%          3
 Animate Skeleton         Necr           10%        N/A       12%         1
 Pain                     Necr           20%        1d5       12%         1
 Ignite Poison            Fire/Tmut/Pois 16%        N/A       14%         3
 Vampiric Draining        Necr           2%         2d6       34%         3
 Fulminant Prism          Conj/Hex       9%         3d7       36%         4
 Iskenderun's Mystic Bla  Conj/Tloc      19%        2d6       36%         4
 Malign Gateway           Summ/Tloc      2%         N/A       100%        7
 Summon Horrible Things   Summ           2%         N/A       100%        8


Dungeon Overview and Level Annotations

Branches:
Dungeon (6/15)             Temple (0/1) D:5


Innate Abilities, Weirdness & Mutations

Your attributes grow dramatically as you level up.
You have an increased reservoir of magic. (+10% MP)
You shall have no god before yourself.


Message History

You see here a +0 flail.
A centaur zombie comes into view.
A gnoll comes into view. It is wielding a +1 whip of venom.
Casting: Magic Dart (safe; 1% risk of failure)
Confirm with . or Enter, or press ? or * to list all spells.
Aiming: Searing Ray (safe; 2% risk of failure)
Press: ? - help, Shift-Dir - straight line, f - centaur zombie
Aim: a centaur zombie (wandering, hasn't noticed you, 100% to hit)
The searing ray misses the orc warrior.
The searing ray hits the orc!
You kill the orc!
The searing ray hits the centaur zombie.
The centaur zombie is lightly damaged. (Press . to maintain the ray.)
The gnoll shouts!
The orc warrior barely misses you.
The searing ray hits the orc warrior.
The orc warrior is lightly wounded.
The searing ray hits the centaur zombie!
The centaur zombie is heavily damaged.
The orc warrior hits you from afar with a +0 trident!
The searing ray hits the centaur zombie!
The centaur zombie is almost destroyed.
The orc warrior hits you from afar with a +0 trident!
A gnoll shaman comes into view. It is wielding a +0 whip.
The searing ray hits the centaur zombie.
You destroy the centaur zombie!
The searing ray hits the orc warrior.
The orc warrior is lightly wounded.
You finish channeling your searing ray.
The gnoll shaman shouts!
The orc warrior hits you from afar with a +0 trident!
You see here a +0 flail.
The orc priest calls down the wrath of Beogh upon you.
Beogh smites you!
* * * LOW HITPOINT WARNING * * *
Unknown command.
Okay, then.
There is a stone staircase leading up here.
The orc warrior hits you from afar with a +0 trident!
You die...

#(..# #.# #
##..#####.####
#$##......##....
.........##..#
####..###.##..#####
.####.....o.o..g..÷)†..
......#.o####.###g#####
# #.......g.##...#
##@#......##...).
#.#########.g.### #.#
#...# #.# #.g.#
#.......# #...#
#...##..# #...o.
....... #....oo..


You could see an orc warrior, a gnoll shaman and an orc priest.

Vanquished Creatures
  A hornet (D:5)
  6 yaks (D:6)
  Duvessa (D:4)
  A sky beast (D:5)
  2 ogres
  A centaur (D:6)
  Dowan (D:4)
  A water moccasin zombie (D:5)
  A hound (D:5)
  A bullfrog zombie (D:6)
  A centaur zombie (D:6)
  An orc priest (D:6)
  2 bullfrog skeletons
  4 iguanas
  A howler monkey skeleton (D:5)
  5 adders
  2 river rats (D:5)
  A shadow imp (D:5)
  An ufetubus (D:4)
  A worm (D:2)
  3 dart slugs
  An orc (D:6)
  4 ball pythons
  8 bats
  4 endoplasms
  5 giant cockroaches
  4 hobgoblins
  4 quokkas
  7 frilled lizards
  10 goblins
  A jackal skeleton (D:4)
  8 kobolds
  2 rats
96 creatures vanquished.

Vanquished Creatures (others)
  A plant (D:5)
1 creature vanquished.

Grand Total: 97 creatures vanquished

Notes
Turn   | Place    | Note
-------+----------+-------------------------------------------
     0 | D:1      | Aviak the Demigod Conjurer began the quest for the Orb.
     0 | D:1      | Reached XP level 1. HP: 14/14 MP: 5/5
   400 | D:1      | Reached XP level 2. HP: 22/22 MP: 4/7
   627 | D:1      | Reached skill level 1 in Fighting
  1028 | D:1      | Learned a level 2 spell: Searing Ray
  1267 | D:2      | Reached XP level 3. HP: 28/28 MP: 5/9
  2751 | D:3      | Reached XP level 4. HP: 36/36 MP: 8/10
  2860 | D:3      | Reached skill level 2 in Fighting
  3211 | D:4      | Noticed Duvessa
  3211 | D:4      | Noticed Dowan
  3222 | D:4      | Killed Duvessa
  3223 | D:4      | Reached XP level 5. HP: 33/42 MP: 1/12
  3441 | D:4      | Killed Dowan
  4124 | D:4      | Noticed an ogre
  4135 | D:4      | Killed an ogre
  4136 | D:4      | Reached skill level 3 in Fighting
  4136 | D:4      | Reached skill level 5 in Conjurations
  4136 | D:4      | Reached XP level 6. HP: 10/51 MP: 9/14
  4380 | D:3      | Learned a level 3 spell: Dazzling Flash
  4385 | D:3      | Learned a level 4 spell: Sticky Flame
  4552 | D:5      | Entered Level 5 of the Dungeon
  4559 | D:5      | Reached skill level 1 in Fire Magic
  4726 | D:5      | Reached skill level 4 in Fighting
  4872 | D:5      | Reached XP level 7. HP: 59/59 MP: 11/15
  5049 | D:5      | Noticed a hornet
  5065 | D:5      | Killed a hornet
  5066 | D:5      | Reached skill level 5 in Fighting
  5675 | D:5      | Found a staircase to the Ecumenical Temple.
  5934 | D:6      | Noticed a yak
  5934 | D:6      | Noticed a yak
  5934 | D:6      | Noticed a yak
  5934 | D:6      | Noticed a yak
  5934 | D:6      | Noticed a yak
  5941 | D:6      | Noticed a yak
  5958 | D:6      | Killed a yak
  5962 | D:6      | Killed a yak
  5963 | D:6      | Reached XP level 8. HP: 34/70 MP: 1/16
  5980 | D:6      | Reached skill level 6 in Fighting
  5982 | D:6      | Reached skill level 5 in Fire Magic
  5990 | D:6      | Reached skill level 7 in Fighting
  6194 | D:6      | Slain by an orc warrior

Illustrated notes

Levels and vault maps discovered:
D:1:      tarquinn_simple_flora_water_c, layout_basic
D:2:      layout_basic, ebering_ecumenical_altar_ruins, minmay_misc_feat_rugged,
          minmay_misc_feat_hallway
D:3:      layout_loops_cross
D:4:      layout_basic, minmay_unequal, uniq_duvessa
D:5:      layout_loops_ring, minmay_temple_entry_gardened_gates,
          gup_sewer_entry_bubbles, minivault_23
D:6:      layout_loops_cross, nemelex_xobeh_ov_fountains_minmay, uniq_menkaure

Skill      XL: |  1  2  3  4  5  6  7  8 |
---------------+-------------------------+-----
Spellcasting   | 2 3 |  3.5
Fighting       | 1 2 3 4 5 7 |  7.1
Conjurations   | 4 5 |  5.0
Fire Magic     | 2 4 6 |  6.2
Dodging        | |  1.7
Stealth        | |  1.7

Action                   |  1- 3 |  4- 6 |  7- 9 || total
-------------------------+-------+-------+-------++-------
Melee: Unarmed           |     9 |       |       ||     9
       Dagger            |    11 |    27 |    13 ||    51
 Cast: Magic Dart        |    79 |     6 |     4 ||    89
       Searing Ray       |    12 |    17 |    19 ||    48
       Dazzling Flash    |       |       |     1 ||     1
  Use: Potion            |       |       |     5 ||     5
       Scroll            |       |       |     1 ||     1
Armor: Robe              |     1 |       |       ||     1
       Leather armour    |    15 |    13 |     8 ||    36
Dodge: Dodged            |    21 |    22 |    33 ||    76

Table legend: (Time is in decaauts)
 A = Elapsed time spent in this place.
 B = Non-inter-level travel time spent in this place.
 C = Inter-level travel time spent in this place.
 D = Time resting spent in this place.
 E = Time spent auto-exploring this place.
 F = Levels seen in this place.
 G = Mean time per level.
                   A        B        C        D        E       F      G
               +--------+--------+--------+--------+--------+-----+--------+
         Total |   6216 |   6091 |    125 |    976 |   4319 |   6 | 1036.0 |
       Dungeon |   6216 |   6091 |    125 |    976 |   4319 |   6 | 1036.0 |
               +--------+--------+--------+--------+--------+-----+--------+

Top non-repeatable levels by time:
     D:3: 1600 daAuts
     D:5: 1420 daAuts
     D:1: 1182 daAuts
     D:2: 1075 daAuts
     D:4: 694 daAuts
     D:6: 243 daAuts
